 Dungeon Crawl Stone Soup version 0.25.0-46-gbd7b0854d2 (webtiles) character file.

Game seed: 6506562273867035444

186 ANON1729 the Magician (level 5, 0/45 HPs)
             Began as a Troll Wizard on July 13, 2020.
             Slain by Natasha (7 damage)
             ... on level 2 of the Dungeon.
             The game lasted 00:03:22 (1532 turns).

ANON1729 the Magician (Troll Wizard)                Turns: 1532, Time: 00:03:23

Health: 0/45       AC:  6    Str: 15    XL:     5   Next: 38%
Magic:  7/8        EV: 10    Int: 15    God:
Gold:   143        SH:  0    Dex:  8    Spells: 6/9 levels left

rFire    . . .     SeeInvis .   (no weapon)
rCold    . . .     Gourm    +   (no shield)
rNeg     . . .     Faith    .   a - +0 robe
rPois    .         Spirit   .   b - +0 hat
rElec    .         Reflect  .   (no cloak)
rCorr    .         Harm     .   (gloves unavailable)
MR       .....                  (boots unavailable)
Stlth    +.........             (no amulet)
HPRegen  0.55/turn              (no ring)
MPRegen  0.11/turn              (no ring)

@: no status effects
A: large, unfitting armour, claws 3, fast metabolism 3, gourmand, regeneration
1, shaggy fur 1, tough skin 3
a: no special abilities


You were on level 2 of the Dungeon.
You were completely stuffed.

You visited 1 branch of the dungeon, and saw 2 of its levels.

You collected 143 gold pieces.

Inventory:

Armour
 a - a +0 robe (worn)
 b - a +0 hat (worn)
Jewellery
 p - an uncursed ring of magical power {unknown}
Scrolls
 g - a scroll of fear {unknown}
 j - 2 scrolls of teleportation {unknown}
 k - 2 scrolls of identify {unknown}
 n - a scroll of immolation {unknown}
 o - a scroll of blinking {unknown}
Potions
 c - a potion of magic {unknown}
 e - 4 potions of lignification {unknown}
 f - a potion of degeneration {unknown}
 h - a potion of mutation {unknown}
 i - 2 potions of brilliance {unknown}
 l - a potion of curing {unknown}
Comestibles
 d - 4 rations
 m - 3 chunks of flesh


   Skills:
 + Level 2.5 Dodging
 - Level 1.2 Stealth
 * Level 2.8 Spellcasting
 * Level 2.3 Conjurations
 * Level 0.8 Summonings
   Level 0.6 Translocations


You had 6 spell levels left.
You knew the following spells:

 Your Spells              Type           Power        Failure   Level  Hunger
a - Magic Dart            Conj           #...         8%          1    #......
b - Call Imp              Summ           #.......     22%         2    ##.....

Your spell library contained the following spells:

 Spells                   Type           Power        Failure   Level  Hunger
 Blink                    Tloc           N/A          24%         2    ##.....
 Slow                     Hex            #.......     30%         2    ##.....
 Conjure Flame            Conj/Fire      #.......     36%         3    ###....
 Mephitic Cloud           Conj/Pois/Air  #.......     41%         3    ###....


Dungeon Overview and Level Annotations

Branches:
Dungeon (2/15)

Altars:

Annotations:
D:2 Natasha


Innate Abilities, Weirdness & Mutations

You are too large for most types of armour.
You have claws for hands.
Your metabolism is lightning-fast.
You like to eat raw meat.
Your natural rate of healing is unusually fast.
You are covered in fur. (AC +1)
You have extremely tough skin. (AC +3)


Message History

You are too injured to fight recklessly!
You are too injured to fight recklessly!
You are too injured to fight recklessly!
You are too injured to fight recklessly!
You are too injured to fight recklessly!
You are too injured to fight recklessly!
You are too injured to fight recklessly!
You scratch Natasha.
Natasha is severely wounded.
Natasha claws you!
* * * LOW HITPOINT WARNING * * *
Casting: Magic Dart (safe; 8% risk of failure)
Confirm with . or Enter, or press ? or * to list all spells.
Aiming: Magic Dart (safe; 8% risk of failure)
Press: ? - help, Shift-Dir - straight line, f - Natasha
Aim: Natasha (severely wounded, strong)
The magic dart hits Natasha.
Natasha is almost dead.
Natasha claws you!
You die...

..................#.##....######.
....................##.#### #.
.##+#####..#............# ##
#.#####..#...........##
#........#...........##
########.#...........'#
###(#...........##
#.....###h####### #######.#..##
#@# #...#.......###.#
#...#.#.#.......########
+.......#...###........#
#.............#........#
####.....[.#.(..........#
.......)<..+.......)....#
#####.#)...#............#
.g...)'....#............#


You could see Natasha (strong).

Vanquished Creatures
  An orc priest (D:2)
  3 orc wizards
  An adder (D:2)
  An ooze (D:1)
  A worm (D:2)
  A dart slug (D:1)
  3 leopard geckos
  2 ball pythons (D:2)
  3 giant cockroaches (D:1)
  6 goblins
  7 hobgoblins
  6 jackals (D:2)
  4 bats
  4 kobolds
  6 rats
49 creatures vanquished.

Notes
Turn   | Place    | Note
-------+----------+-------------------------------------------
     0 | D:1      | ANON1729 the Troll Wizard began the quest for the Orb.
     0 | D:1      | Reached XP level 1. HP: 16/16 MP: 2/2
   112 | D:1      | Reached XP level 2. HP: 12/24 MP: 4/4
   218 | D:1      | Reached skill level 1 in Conjurations
   363 | D:1      | Reached XP level 3. HP: 31/31 MP: 5/5
   781 | D:1      | Reached XP level 4. HP: 31/39 MP: 6/6
   914 | D:2      | Reached XP level 5. HP: 5/45 MP: 5/8
  1027 | D:2      | Learned a level 2 spell: Call Imp
  1506 | D:2      | Noticed Natasha
  1532 | D:2      | Slain by Natasha

Illustrated notes

Levels and vault maps discovered:
D:1:      heliophobic_arrival_ceremonial_halls, layout_rooms, st_stairs_4
D:2:      layout_basic, grunt_dithmenos_smoke_and_mirrors, uniq_natasha,
          uniq_crazy_yiuf_cottage

Skill      XL: |  1  2  3  4 |
---------------+-------------+-----
Conjurations   | 1 2 |  2.3
Dodging        | 2 |  2.5
Stealth        | |  1.2
Spellcasting   | |  2.8
Summonings     | |  0.8
Translocations | |  0.6

Action                   |  1- 3 |  4- 6 || total
-------------------------+-------+-------++-------
Melee: Unarmed           |   118 |   108 ||   226
 Cast: Magic Dart        |       |    13 ||    13
 Stab: Sleeping          |     1 |       ||     1
  Eat: Chunk             |    11 |     9 ||    20
Armor: Robe              |    64 |    42 ||   106
Dodge: Dodged            |    97 |    45 ||   142
